Map: Dragon Scales LE

Players

winzboy

  • Race: Terran Terran
  • League: Gold
  • Spawn Location: 11:00

Saltwater - Winner!

  • Race: Zerg Zerg
  • League: Gold
  • Spawn Location: 5:00

VOD

Have the link to the VOD?

Description

Time

  • Played on: May 30, 2023, 12:58 a.m.
  • Length: 13:41
Show
View Real Time Build Order
Export as new Build Order

winzboy Terran 

Build Orders:  

Get SALT Encoding   

  12  0:01  SCV  
  13  0:16  Supply Depot  
  13  0:18  SCV  
  14  0:30  SCV  
  15  0:44  Barracks  
  15  0:45  SCV  
  15  0:47  Refinery  
  16  0:58  SCV  
  17  1:10  SCV  
  18  1:22  SCV  
  19  1:29  Refinery  
  19  1:32  Supply Depot  
  19  1:34  SCV  
  20  1:42  Barracks Tech Lab  
  20  1:47  Orbital Command  
  20  2:06  Barracks  
  20  2:14  SCV  
  21  2:22  Marine  
  21  2:26  SCV  
  23  2:38  SCV  
  23  2:40  Marine  
  25  2:48  Command Center  
  25  2:50  SCV  
  26  2:57  Barracks  
  26  2:58  Barracks Reactor  
  26  3:06  SCV  
  27  3:18  SCV  
  28  3:20  Supply Depot  
  28  3:21  Supply Depot  
  28  3:33  SCV  
  29  3:34  Factory  
  29  3:39  Marine x2  
  31  3:45  SCV  
  31  3:46  Marauder  
  34  4:02  Orbital Command  
  34  4:07  Marauder  
  36  4:12  Marine x2  
  36  4:14  Marine  
  39  4:21  Starport, Factory Tech Lab  
  39  4:26  SCV  
  39  4:28  Marauder  
  39  4:30  Marine x2  
  44  4:32  SCV  
  45  4:38  SCV  
  45  4:40  Siege Tank  
  45  4:44  SCV  
  50  4:47  Supply Depot  
  50  4:50  Marauder, Supply Depot  
  50  4:52  SCV  
  53  4:54  Marine  
  53  4:56  SCV  
  53  4:59  Medivac  
  57  5:04  SCV  
  57  5:05  Marine x2  
  60  5:11  Marauder  
  60  5:12  Marine  
  63  5:22  Hellion  
  63  5:23  Marine  
  66  5:28  Marine  
  66  5:30  Marine, SCV  
  66  5:31  SCV  
  66  5:34  Refinery  
  70  5:42  Supply Depot x2  
  70  5:43  SCV x2, Hellion  
  70  5:44  Marine  
  70  5:45  Marine  
  76  5:51  Medivac  
  78  5:57  Refinery  
  78  6:04  SCV  
  79  6:05  Hellion  
  79  6:07  Supply Depot  
  79  6:09  Supply Depot  
  81  6:12  Marine  
  81  6:13  Marine x3  
  81  6:14  Starport  
  81  6:16  SCV x2  
  87  6:26  Hellion  
  87  6:28  SCV x2  
  91  6:39  Medivac  
  93  6:40  SCV  
  93  6:43  Marine x2  
  96  6:47  SCV, Hellion  
  96  6:52  SCV  
  100  6:55  Barracks  
  100  7:01  Starport Tech Lab  
  100  7:05  Supply Depot  
  100  7:07  Marine x3  
  103  7:09  Hellion, Viking  
  107  7:22  Viking  
  107  7:26  Engineering Bay  
  107  7:27  Supply Depot  
  107  7:28  Supply Depot  
  109  7:30  Hellion  
  111  7:39  Viking  
  111  7:43  Marine  
  114  7:49  Barracks  
  114  7:50  Supply Depot  
  114  7:51  Supply Depot  
  114  7:52  Hellion, Viking, Barracks Reactor  
  118  7:59  Terran Infantry Weapons Level 1  
  118  8:06  Marine x2  
  120  8:15  Marine x2  
  124  8:20  Hellion  
  124  8:22  Viking  
  124  8:24  Marine  
  127  8:29  Supply Depot  
  127  8:41  Siege Tank  
  130  8:52  Viking  
  130  8:53  Supply Depot  
  85  9:05  Marine x3  
  85  9:06  Marine x2  
  85  9:11  Marine  
  87  9:23  Combat Shield  
  86  9:25  Marine  
  86  9:27  Marine  
  86  9:28  Marine x3  
  79  9:39  Marine x2  
  79  9:43  Marine  
  79  9:44  Hellion  
  79  9:45  Marine  
  85  9:54  Command Center, Supply Depot, Terran Infantry Armor Level 1  
  85  10:05  Hellion, Barracks Reactor  
  87  10:11  Marine x2  
  87  10:12  Marine  
  90  10:15  Medivac  
  90  10:16  Medivac  
  90  10:19  Marine x3  
  97  10:26  Hellion  
  99  10:29  Marine x2  
  101  10:41  Stimpack  
  101  10:43  Supply Depot  
  101  10:44  Marine x2  
  101  10:45  Marine x2, Medivac  
  101  10:46  Medivac  
  101  10:48  Hellion  
  101  10:49  Marine x2  
  113  10:58  Armory  
  113  11:01  Marine x2  
  113  11:02  Marine  
  116  11:06  Supply Depot  
  116  11:09  Hellion  
  118  11:15  Medivac x2  
  122  11:20  Factory  
  122  11:26  SCV  
  122  11:27  Marine  
  122  11:28  Marine x3  
  122  11:30  Hellion  
  129  11:38  SCV  
  130  11:43  Marine  
  130  11:44  Marine x3  
  130  11:45  Medivac x2  
  138  11:50  SCV  
  138  11:52  Hellion  
  141  11:58  Marine x4  
  145  12:05  Barracks  
  145  12:06  Marine  
  145  12:07  Marine x2  
  148  12:15  Thor  
  148  12:21  Concussive Shells  
  63  12:44  Marine  
  63  12:45  Marine x6  
  63  12:50  Marine  
  71  12:54  Barracks  
  71  12:58  Thor  
  71  13:02  Marine x2  
  71  13:03  Marine x2  
  81  13:14  Factory Tech Lab  
  81  13:18  Marine  
  81  13:19  Marine x3  
Show
View Real Time Build Order
Export as new Build Order

Saltwater Zerg - Winner!

Build Orders: Hatch First 

Get SALT Encoding   

  12  0:01  Drone  
  13  0:12  Overlord  
  13  0:19  Drone  
  14  0:31  Drone  
  14  0:32  Drone  
  16  0:51  Drone  
  16  0:52  Hatchery  
  16  0:55  Drone  
  17  0:59  Drone  
  18  1:09  Extractor  
  17  1:15  Spawning Pool  
  17  1:17  Drone  
  17  1:20  Drone  
  18  1:29  Drone  
  19  1:39  Drone  
  20  2:05  Queen x2  
  20  2:07  Zergling x4  
  20  2:08  Overlord  
  26  2:24  Drone x2  
  26  2:26  Hatchery  
  27  2:40  Metabolic Boost  
  27  2:42  Drone x2  
  29  2:53  Drone x2  
  29  2:54  Overlord  
  29  2:56  Drone  
  32  3:15  Queen, Pneumatized Carapace  
  34  3:22  Drone x2  
  34  3:23  Drone x3  
  34  3:24  Overlord  
  39  3:29  Drone  
  40  3:34  Baneling Nest  
  40  3:41  Queen  
  39  3:43  Zergling x6  
  39  3:44  Zergling x2  
  45  3:59  Lair  
  45  4:12  Drone x4  
  49  4:25  Spore Crawler  
  49  4:28  Spore Crawler  
  49  4:29  Overlord x2  
  49  4:31  Drone x4  
  51  4:42  Extractor  
  51  4:43  Extractor  
  49  4:54  Spore Crawler  
  49  4:56  Centrifugal Hooks  
  48  5:02  Drone x3  
  48  5:03  Zergling x8  
  48  5:04  Zergling x6  
  58  5:08  Baneling x2  
  58  5:09  Baneling  
  58  5:14  Extractor, Drone x5  
  62  5:33  Evolution Chamber  
  62  5:34  Evolution Chamber  
  60  5:39  Drone  
  60  5:40  Drone x4  
  60  5:41  Overlord x3  
  65  5:46  Zergling x2  
  65  5:47  Zergling x8  
  70  5:56  Hydralisk Den  
  69  6:14  Zerg Melee Weapons Level 1  
  69  6:15  Zerg Ground Armor Level 1  
  69  6:19  Drone x6  
  69  6:22  Spore Crawler  
  74  6:26  Muscular Augments  
  74  6:33  Drone x2  
  74  6:38  Baneling x3  
  77  6:47  Drone x4  
  80  6:54  Hatchery  
  80  6:59  Zergling x8  
  80  7:00  Overlord x3  
  80  7:01  Overlord  
  83  7:03  Drone x3  
  83  7:04  Drone  
  87  7:22  Zergling x2  
  88  7:23  Zergling x12  
  88  7:26  Baneling  
  88  7:27  Baneling x4  
  94  7:33  Extractor  
  94  7:34  Extractor  
  94  7:36  Spine Crawler  
  94  7:37  Hatchery, Spine Crawler  
  90  7:38  Grooved Spines  
  89  7:51  Infestation Pit  
  89  7:55  Spore Crawler  
  87  8:00  Overseer  
  87  8:01  Overseer  
  87  8:06  Drone x4  
  87  8:07  Drone x2  
  87  8:12  Zerg Ground Armor Level 2, Zerg Melee Weapons Level 2  
  93  8:17  Drone x5  
  98  8:47  Zergling x2  
  98  8:48  Zergling x30  
  102  9:00  Zergling x2  
  102  9:01  Zergling x16  
  96  9:10  Baneling x8  
  96  9:19  Zergling x2  
  96  9:20  Zergling x12  
  96  9:22  Overlord x2  
  100  9:49  Drone x3  
  103  9:55  Extractor, Hatchery  
  103  9:56  Extractor, Hive  
  103  9:57  Spine Crawler  
  99  10:03  Overseer x2  
  99  10:04  Overlord x3  
  99  10:05  Overlord x3  
  99  10:16  Spire  
  98  10:21  Baneling  
  98  10:22  Baneling x5  
  98  10:48  Lurker Den  
  97  10:52  Drone x10  
  97  10:53  Drone x5  
  97  10:54  Drone  
  97  10:55  Overlord x5  
  113  11:01  Hatchery  
  112  11:08  Spore Crawler  
  111  11:12  Zerg Missile Weapons Level 1  
  111  11:15  Adrenal Glands  
  111  11:38  Spore Crawler  
  110  11:41  Drone x2, Spine Crawler  
  110  11:42  Drone x2  
  110  11:44  Baneling x3  
  110  11:45  Baneling x6  
  110  11:46  Hydralisk, Zergling x8  
  117  11:47  Hydralisk x13  
  145  12:01  Adaptive Talons  
  145  12:05  Overseer x3  
  118  12:42  Zergling x20  
  118  12:43  Zergling x12  
  134  12:49  Baneling x3  
  134  12:50  Baneling x5  
  134  12:52  Baneling  
  134  13:09  Swarm Host  
  134  13:10  Zergling x12  
  134  13:11  Zergling x26  
Tags
 
League
GoldGold
Matchup
TvZ
Replay Pack
Multiplayer
Spawn Locations
Cross Positions
Add a new tag
Caveats
  • Supply blocks, unpowered buildings, or Contaminate may cause inaccurate times.
  • Supply counts are checked every 10 seconds.